 Dungeon Crawl Stone Soup version 0.27.0-1-g7a089689b8 (webtiles) character file.

Game seed: 17708742393312110395

44 Amplified the Ogre Mage (level 3, 0/36 HPs)
             Began as an Ogre Enchanter on Aug 13, 2021.
             Succumbed to a goblin's poison
             ... on level 2 of the Dungeon.
             The game lasted 00:02:37 (1290 turns).

Amplified the Ogre Mage (Ogre Enchanter)            Turns: 1290, Time: 00:02:37

Health: 0/36       AC:  3    Str: 13    XL:     3   Next: 62%
Magic:  7/7        EV:  9    Int: 16    God:
Gold:   567        SH:  0    Dex:  9    Spells: 4/8 levels left

rFire    + . .     SeeInvis .   e - +1 whip (venom)
rCold    . . .     Faith    .   (no shield)
rNeg     . . .     Spirit   .   b - +0 robe
rPois    .         Reflect  .   (helmet restricted)
rElec    .         Harm     .   (no cloak)
rCorr    .         Rampage  .   (gloves unavailable)
Will     .....                  (boots unavailable)
Stlth    ++........             f - amulet of magic regeneration
HPRegen  0.12/turn              c - ring of protection from fire
MPRegen  0.35/turn              (no ring)

@: lethally poisoned (0 -> -5), flying
A: large, unfitting armour, tough skin 1
a: no special abilities


You were on level 2 of the Dungeon.
You visited 1 branch of the dungeon, and saw 2 of its levels.

You collected 567 gold pieces.

Inventory:

Hand Weapons
 a - a +1 dagger
 e - a +1 whip of venom (weapon)
Armour
 b - a +0 robe (worn)
Jewellery
 c - a ring of protection from fire (left hand)
 f - an amulet of magic regeneration (around neck)


   Skills:
 * Level 2.8 Fighting
 - Level 0.8 Short Blades
 * Level 1.2 Maces & Flails
 - Level 1.7 Dodging
 - Level 2.1 Stealth
 * Level 3.0 Spellcasting
 - Level 2.6 Hexes


You had 4 spell levels left.
You knew the following spells:

 Your Spells              Type           Power      Damage    Failure   Level
a - Corona                Hex            12%        N/A       6%          1
b - Confusing Touch       Hex            11%        N/A       19%         3

Your spell library contained the following spells:

 Spells                   Type           Power      Damage    Failure   Level
 Slow                     Hex            11%        N/A       10%         2
 Ensorcelled Hibernation  Hex/Ice        12%        N/A       16%         2
 Tukima's Dance           Hex            11%        N/A       19%         3
 Dazzling Flash           Conj/Hex       12%        N/A       32%         3
 Vampiric Draining        Necr           1%         2d6       50%         3


Dungeon Overview and Level Annotations

Branches:
Dungeon (2/15)

Altars:

Annotations:
D:2 Sigmund


Innate Abilities, Weirdness & Mutations

You are too large for most types of armour.
You have tough skin. (AC +1)


Message History

Unknown command.
Something appears at your feet!
You now have 567 gold pieces (gained 533).
You aren't carrying any potions.
Unknown command.
Things that are here:
a +0 dagger; a goblin corpse A goblin comes into view.
It is wielding a +0 dagger of venom.
The goblin hits you with a +0 dagger of venom.
* * * LOW HITPOINT WARNING * * *
You are lethally poisoned!
There is a stone staircase leading down here.
Unknown command.
You aren't carrying any potions.
Unknown command.
You barely miss the goblin.
* * * LOW HITPOINT WARNING * * *
You feel very sick. The goblin barely misses you.
Unknown command.
Unknown command.
Unknown command.
You barely miss the goblin.
* * * LOW HITPOINT WARNING * * *
You feel sick. The goblin barely misses you. The goblin closely misses you.
Unknown command.
Unknown command.
Unknown command.
You hit the goblin.
The goblin is poisoned.
The goblin is moderately wounded.
* * * LOW HITPOINT WARNING * * *
You feel sick. The goblin barely misses you.
Unknown command.
Unknown command.
Unknown command.
You aren't carrying any potions.
Unknown command.
You hit the goblin.
The goblin looks as sick as possible!
The goblin is heavily wounded.
You die...

.....$#.......#
......#.......#
..............#
.#.......#
#..#....#
#.#.<#########
#[#..........#
###)........##)#
#....)..g@..##.#
#.#.........##.#
#.#....(......##.#
#......###........
#....†.##
#........#
#...#...#
#........#
.......###
#........# ...#..#
#........# ......
#........#


You could see a goblin (extremely poisoned).

Vanquished Creatures
  An adder (D:1)
  3 endoplasms
  A goblin (D:2)
  2 hobgoblins (D:1)
  14 jackals
  A quokka (D:1)
  2 bats (D:1)
  2 frilled lizards (D:1)
  3 kobolds
  A rat (D:2)
30 creatures vanquished.

Notes
Turn   | Place    | Note
-------+----------+-------------------------------------------
     0 | D:1      | Amplified the Ogre Enchanter began the quest for the Orb.
     0 | D:1      | Reached XP level 1. HP: 16/16 MP: 3/3
    66 | D:1      | Reached skill level 1 in Fighting
   395 | D:1      | Reached XP level 2. HP: 23/28 MP: 5/5
   920 | D:1      | Reached skill level 1 in Maces & Flails
   920 | D:1      | Reached XP level 3. HP: 21/36 MP: 7/7
  1161 | D:2      | Learned a level 3 spell: Confusing Touch
  1268 | D:2      | Reached skill level 3 in Spellcasting
  1273 | D:2      | Noticed Sigmund
  1276 | D:2      | Identified a scroll of acquirement
  1277 | D:2      | Acquired 533 gold pieces
  1289 | D:2      | HP: 1/36 [poisoned by a goblin]
  1290 | D:2      | Succumbed to a goblin's poison

Illustrated notes

Levels and vault maps discovered:
D:1:      evilmike_arrival_fibonacci_small, layout_rooms
D:2:      layout_rooms, shapermc_ecumenical_altar_pompeii, uniq_terence,
          uniq_sigmund

Skill      XL: |  1  2  3 |
---------------+----------+-----
Fighting       | 2 |  2.8
Maces & Flails | 1 |  1.2
Spellcasting   | 3 |  3.0
Short Blades   | |  0.8
Dodging        | |  1.7
Stealth        | |  2.1
Hexes          | |  2.6

Action                   || total
-------------------------++-------
Melee: Dagger            ||    26
       Whip              ||    97
 Cast: Corona            ||     5
  Use: Scroll            ||     2
       Potion            ||     1
 Stab: Sleeping          ||     1
Armor: Robe              ||    40
Dodge: Dodged            ||    84
